 Dungeon Crawl Stone Soup version 0.21-a0-401-g0b6bec4 (webtiles) character file.

171040 4thArraOfDagon the Fencer (level 17, -1/129 HPs)
             Began as a Mummy Enchanter on Oct 23, 2017.
             Was the Champion of Ru.
             Slain by a wolf spider (12 damage)
             ... on level 2 of the Spider Nest on Oct 24, 2017.
             The game lasted 01:47:30 (21052 turns).

4thArraOfDagon the Fencer (Mummy Enchanter)        Turns: 21052, Time: 01:47:31

Health: -1/129     AC: 22    Str:  9    XL:     17   Next: 38%
Magic:  28/28      EV: 12    Int: 25    God:    Ru [******]
Gold:   1594       SH:  6    Dex: 10    Spells: 6/31 levels left

rFire    x x .     SeeInvis +   n - +8 long sword (vamp)
rCold    + + .     Gourm    .   e - +0 shield {reflect}
rNeg     + + +     Faith    .   G - +6 troll leather armour of the Hanged Man {rPois Regen+ Slay+5}
rPois    ∞         Spirit   .   B - +2 helmet {SInv}
rElec    .         Reflect  +   f - +2 cloak
rCorr    .         Harm     +   U - +0 pair of gloves of Zamiugus {rC+ SInv}
MR       ++...                  J - +2 pair of boots (curse)
Stlth    +.........             k - amulet of harm
HPRegen  0.71/turn              u - +2 ring of slaying
MPRegen  0.21/turn              S - ring of Bytsical {rPois rC+ Int+3}

@: drained
A: no food or potions, fire vulnerability, clumsy 1, cold resistance 1, negative
energy resistance 3, torment resistance, weak 1, unbreathing, inability to use
devices, hated by all, in touch with death 1, temperature sensitive
a: Draw Out Power, Power Leap, Apocalypse, Renounce Religion


You were on level 2 of the Spider Nest.
You worshipped Ru.
Ru was exalted by your worship.
You were not hungry.

You visited 6 branches of the dungeon, and saw 29 of its levels.
You visited the Abyss 2 times.
You also visited: Labyrinth, Ossuary and Ice Cave.

You collected 2926 gold pieces.
You spent 1332 gold pieces at shops.

Inventory:

Hand Weapons
 n - a +8 vampiric long sword (weapon)
 q - a +4 quick blade
 P - the +5 spear "Poruteup" {elec, rF+}
   (You found it on level 3 of the Abyss)

   Occasionally, upon striking a foe, it will discharge some electrical energy
   and cause terrible harm.
   It protects you from fire.
 Q - a +2 scimitar of flaming
Missiles
 l - 2 javelins (quivered)
 M - 7 curare-tipped needles
Armour
 d - the +6 scale mail "Juoc" {rElec rF++ rCorr Str+2}
   (You took it off a deep elf blademaster on level 3 of the Elven Halls)

   It affects your strength (+2).
   It greatly protects you from fire.
   It insulates you from electricity.
   It protects you from acid and corrosion.
 e - a +0 shield of reflection (worn)
 f - a +2 cloak (worn)
 w - the +2 leather armour "Iwecan" {rC+ SInv Stlth+}
   (You found it on level 10 of the Dungeon)

   It protects you from cold.
   It lets you see invisible.
   It makes you more stealthy.
 B - a +2 helmet of see invisible (worn)
 C - a +2 scale mail of fire resistance
 G - the +6 troll leather armour of the Hanged Man (worn) {rPois Regen+ Slay+5}
   (You bought it in a shop on level 2 of the Orcish Mines)

   It affects your accuracy and damage with ranged weapons and melee attacks
   (+5).
   It protects you from poison.
   It increases your rate of regeneration.
 J - a cursed +2 pair of boots (worn)
 T - the +4 skin of Zhor {rC+++}
   (You took it off a deep elf death mage on level 3 of the Elven Halls)

   It renders you almost immune to cold.
 U - the +0 pair of gloves of Zamiugus (worn) {rC+ SInv}
   (You found it on level 3 of the Elven Halls)

   It protects you from cold.
   It lets you see invisible.
Magical Staves
 D - an uncursed staff of energy {!a}
 E - an uncursed staff of death
 F - an uncursed staff of conjuration {!a}
 L - an uncursed staff of fire
 V - an uncursed staff of cold
Jewellery
 b - an uncursed ring of magical power
 k - an amulet of harm (around neck)
 r - an uncursed ring of resist corrosion
 u - a +2 ring of slaying (left hand)
 x - the ring of Riogasoc {rPois rF- Str+4 Dex+2}
   (You took it off a deep elf death mage on level 3 of the Elven Halls)

   [ring of dexterity]

   It affects your strength (+4).
   It affects your dexterity (+2).
   It makes you vulnerable to fire.
   It protects you from poison.
 y - a +4 ring of intelligence
 H - the ring of Perfectionism {rN+ MR+}
   (You found it in a labyrinth)

   [ring of protection from magic]

   It protects you from negative energy.
   It affects your resistance to hostile enchantments.
 I - an uncursed ring of wizardry
 N - a +3 ring of evasion
 R - a +4 ring of intelligence
 S - the ring of Bytsical (right hand) {rPois rC+ Int+3}
   (You took it off a deep elf annihilator on level 3 of the Elven Halls)

   [ring of protection from cold]

   It affects your intelligence (+3).
   It protects you from cold.
   It protects you from poison.
Scrolls
 a - a scroll of magic mapping
 g - 8 scrolls of teleportation
 h - a scroll of fear {unknown}
 i - 4 scrolls of enchant armour
 j - 13 scrolls of remove curse
 o - 3 scrolls of amnesia
 p - 4 scrolls of immolation
 s - 2 scrolls of noise
 t - a scroll of blinking
 v - a scroll of torment
 z - 2 scrolls of vulnerability
 Z - a scroll of fog
Books
 c - a book of Maledictions

   Spells                             Type                      Level
   a - Corona                         Hexes                        1
   b - Ensorcelled Hibernation        Hexes/Ice                    2
   c - Confuse                        Hexes                        3
   d - Tukima's Dance                 Hexes                        3
   e - Dazzling Spray                 Conjuration/Hexes            3
 K - a Young Poisoner's Handbook

   Spells                             Type                      Level
   a - Sting                          Conjuration/Poison           1
   b - Poisonous Vapours              Poison/Air                   2
   c - Mephitic Cloud                 Conjuration/Poison/Air       3
   d - Olgreb's Toxic Radiance        Poison                       4
   e - Venom Bolt                     Conjuration/Poison           5
 O - a book of Burglary

   Spells                             Type                      Level
   a - Swiftness                      Charms/Air                   2
   b - Passwall                       Transmutation/Earth          2
   c - Passage of Golubria            Translocation                4
   d - Lee's Rapid Deconstruction     Earth                        5
   e - Darkness                       Hexes                        6
   f - Invisibility                   Hexes                        6
 W - The Arcane Secrets of Sorcery
   (You found it on level 3 of the Elven Halls)

   Spells                             Type                      Level
   a - Discord                        Hexes                        8
   b - Controlled Blink               Translocation                8
 X - a book of Dreams

   Spells                             Type                      Level
   a - Ensorcelled Hibernation        Hexes/Ice                    2
   b - Silence                        Hexes/Air                    5
   c - Darkness                       Hexes                        6
   d - Shadow Creatures               Summoning                    6
 Y - the Compendium of the Escort
   (You found it on level 1 of the Elven Halls)

   Spells                             Type                      Level
   a - Summon Butterflies             Summoning                    1
   b - Call Imp                       Summoning                    2
   c - Recall                         Summoning/Translocation      3
   d - Call Canine Familiar           Summoning                    3


   Skills:
 + Level 10.6(10.0) Fighting
 - Level 4.0(13.4) Short Blades
 - Level 20.0(19.3) Long Blades
 + Level 8.6(8.1) Armour
 + Level 8.9(8.3) Dodging
 - Level 2.4(1.9) Stealth
 * Level 1.0(0.6) Shields
 * Level 7.5(6.9) Spellcasting
 - Level 2.6(2.2) Hexes
 * Level 2.6(2.1) Translocations


You had 6 spell levels left.
You knew the following spells:

 Your Spells              Type           Power        Failure   Level  Hunger
a - Corona                Hex            ###....      22%         1    N/A
b - Ensorcelled Hibernat  Hex/Ice        ##....       47%         2    N/A
c - Confuse               Hex            ###.....     56%         3    N/A
d - Spectral Weapon       Hex/Chrm       ##......     71%         3    N/A
e - Song of Slaying       Chrm           #.......     63%         2    N/A
f - Blink                 Tloc           N/A          34%         2    N/A
g - Mephitic Cloud        Conj/Pois/Air  #.......     86%         3    N/A
h - Passwall              Tmut/Erth      #.........   63%         2    N/A
i - Swiftness             Chrm/Air       #.......     63%         2    N/A
j - Passage of Golubria   Tloc           N/A          93%         4    N/A
k - Apportation           Tloc           ###...       24%         1    N/A

Dungeon Overview and Level Annotations

Branches:
Dungeon (15/15)            Temple (1/1) D:4            Lair (6/6) D:8
 Shoals (0/4) Lair:4       Spider (2/4) Lair:3        Slime (0/5) Lair:6
    Orc (2/2) D:9             Elf (3/3) Orc:2        Vaults (0/5) D:13
 Depths: D:15

Altars:
Ashenzari
Dithmenos
Fedhas
Gozag
Makhleb
Nemelex Xobeh
Ru
Sif Muna
Trog
Uskayaw
Vehumet
Wu Jian
Xom
Yredelemnul
Zin
Beogh
Jiyva

Shops:
D:4 (   D:14 !   Orc:1 :   Orc:2 [[%%

Annotations:
D:7 Prince Ribbit
D:10 Sonja
D:12 Snorg
Elf:1 Nikola


Innate Abilities, Weirdness & Mutations

You do not eat or drink.
Your flesh is vulnerable to fire.
You are immune to poison.
You are clumsy. (Dex -2)
Your flesh is cold resistant. (rC+)
You are immune to negative energy. (rN+++)
You are immune to unholy pain and torment.
You are weak. (Str -2)
You can survive without breathing.
You cannot study or use magical devices.
You are hated by all.
You are in touch with the powers of death.
You are sensitive to extremes of temperature. (rF-, rC-)


Message History

You bump into the rock wall.
The tarantella bites you but does no damage.
The redback bites you but does no damage.
The tarantella barely misses you.
Unknown command.
You bump into the rock wall.
The redback is stunned by your will and fails to attack.
The wolf spider hits you!
* * * LOW HITPOINT WARNING * * *
The wolf spider bites you but does no damage.
The redback bites you!
* * * LOW HITPOINT WARNING * * *
Unknown command.
You slash the redback!
You feel better.
The redback is almost dead.
You feel less confused. The wolf spider hits you!
* * * LOW HITPOINT WARNING * * *
The wolf spider bites you!
You die...

......... .y >...s.. ...
...#..### ##
....#....$#.## #^#.
.$...........# #..
...[.#..##...#### .#####
.......y#s†.#..#.###..#
......sss##^##.# ..#..#
......ss@###...###...#
####...####.#.%..^...# #
#..#.#...##....[††..####
.............###...#.##.#
.......##....#####../....
..... ##...#.#.........
.... ###.....#...#...
#...........#.
#...#.........


You could see a demonic crawler, a wolf spider, a hornet, 2 tarantellas and 2
redbacks.

Vanquished Creatures
  Saint Roka (Elf:2)
  Asterion (Spider:1)
  A deep elf master archer (Elf:3)
  2 deep elf blademasters (Elf:3)
  2 tentacled starspawn (Abyss:3)
  Kirke (Elf:1)
  9 deep elf sorcerers
  Donald (Spider:1)
  An orc warlord (Orc:2)
  Aizul (Elf:1)
  The ghost of Yermak the Martial Artist, a journeyman DgTm (Elf:1)
  Louise (Elf:1)
  A cacodemon (Abyss:3)
  4 deep elf elementalists (Elf:3)
  The ghost of Slowdrip the Basher, a journeyman MiCK of Xom (Lair:6)
  5 deep elf demonologists
  An entropy weaver (Abyss:3)
  7 deep elf annihilators
  9 deep elf death magi (Elf:3)
  A minotaur (Lab)
  2 deep elf high priests (Elf:3)
  2 fire dragons (Lair:6)
  Harold (Lair:2)
  A hydra (Lair:6)
  2 centaur warriors
  A catoblepas (Lair:2)
  7 two-headed ogres
  12 dancing weapons
  3 thrashing horrors (Abyss:3)
  3 orc high priests (Orc:2)
  9 deep elf knights
  2 wretched stars (Abyss:3)
  A swamp dragon (Lair:6)
  7 deep elf archers
  A lindwurm (Lair:6)
  2 orb spiders (Spider:1)
  4 orc knights
  2 cyclopes
  51 deep elf magi
  2 worldbinders (Abyss:3)
  4 ugly things
  4 oklob plants
  5 orc sorcerers
  3 wolf spiders
  A manticore (shapeshifter) (Elf:2)
  A moth of wrath (Spider:2)
  3 elephants (Lair:6)
  9 torpor snails
  4 black mambas
  An apocalypse crab (Abyss:3)
  A merfolk siren (Lair:4)
  The ghost of kae the Digger, a novice GrEE (D:6)
  A smoke demon (Abyss:3)
  A gargoyle (D:14)
  An orange demon (Abyss:3)
  7 spiny frogs
  7 komodo dragons
  2 demonic crawlers
  A yaktaur (shapeshifter) (D:14)
  2 ancient zymes (Abyss:3)
  4 trolls
  A polar bear (Lair:5)
  4 tyrant leeches (Lair:6)
  13 jumping spiders
  13 blink frogs
  6 hornets (Lair:6)
  6 raiju (Abyss:3)
  5 hippogriffs
  12 dream sheep
  4 flying skulls (Abyss:3)
  2 air elementals
  A vampire (D:14)
  4 tarantellas
  21 yaks
  A spriggan (D:8)
  4 water elementals
  30 redbacks
  A fire elemental (Elf:3)
  A ynoxinul (Abyss:3)
  6 large abominations (Abyss:3)
  2 wyverns
  Grum (D:10)
  2 hungry ghosts
  3 steam dragons (Lair:6)
  6 humans (Elf:1)
  A hog (Elf:1)
  A chaos spawn (Abyss:3)
  4 wargs (Elf:2)
  A soldier ant (D:13)
  2 acid dragons (Lair:6)
  8 water moccasins
  6 porcupines
  3 black bears
  2 swamp drakes (Lair:6)
  An eye of draining (D:12)
  24 orc warriors
  10 ice beasts
  A necrophage (D:11)
  11 ogres
  11 wolves
  8 centaurs
  8 crocodiles
  3 small abominations (Abyss:3)
  11 bullfrogs
  A big kobold (D:10)
  An earth elemental (Elf:3)
  A gnoll sergeant (D:9)
  5 scorpions
  A water moccasin skeleton (D:7)
  4 killer bees (D:12)
  10 wights
  A howler monkey (D:6)
  An electric eel (Elf:1)
  3 bullfrog zombies
  4 centaur zombies
  2 lava snakes (Lair:5)
  6 crimson imps
  A quasit (D:10)
  3 bullfrog skeletons
  2 human zombies (Ossuary)
  19 orc wizards
  Crazy Yiuf (D:6)
  6 hounds
  7 jellies
  6 centaur skeletons
  14 orc priests
  An iron imp (Abyss:3)
  8 worker ants
  A killer bee zombie (D:9)
  2 ogre zombies (Ossuary)
  2 hound zombies
  7 mummies (Ossuary)
  2 worker ant zombies
  8 gnolls
  A howler monkey skeleton (D:4)
  6 adders
  2 shadow imps
  12 white imps (Lair:2)
  An adder zombie (Ossuary)
  2 worms
  A dart slug (D:1)
  6 leopard geckos
  67 orcs
  5 bats
  4 giant cockroaches
  6 hobgoblins
  5 iguanas
  7 jackals
  5 quokkas
  6 frilled lizards
  11 goblins
  3 goblin zombies (Ossuary)
  5 hobgoblin zombies (Ossuary)
  A jackal zombie (D:6)
  11 kobolds
  4 kobold zombies (Ossuary)
  A leopard gecko zombie (D:6)
  A quokka skeleton (D:4)
  4 quokka zombies (Ossuary)
  9 rats
  6 rat zombies (Ossuary)
  2 crawling corpses (Elf:3)
  A fungus (D:6)
  A lurking horror (Abyss:3)
  9 plants (Lair:6)
829 creatures vanquished.

Vanquished Creatures (others)
  A deep elf sorcerer (Elf:3)
  2 spiny frogs
  A komodo dragon (Lair:6)
  An ancient zyme (Abyss:3)
  2 orc warriors
  A wolf (Lair:3)
  A bullfrog zombie (D:13)
  3 orcs
  2 bushes (Lair:5)
  2 demonic plants (Abyss:3)
  3 fungi (Lair:6)
  26 plants
  4 starspawn tentacles (Abyss:3)
49 creatures vanquished.

Grand Total: 878 creatures vanquished

Notes
Turn   | Place    | Note
-------+----------+-------------------------------------------
     0 | D:1      | 4thArraOfDagon the Mummy Enchanter began the quest for the Orb.
     0 | D:1      | Reached XP level 1. HP: 13/13 MP: 4/4
    16 | D:1      | Reached skill level 1 in Short Blades
   266 | D:2      | Reached XP level 2. HP: 19/19 MP: 3/5
   273 | D:2      | Learned a level 2 spell: Ensorcelled Hibernation
   443 | D:3      | Reached skill level 1 in Fighting
   452 | D:3      | Reached XP level 3. HP: 25/26 MP: 2/7
   588 | D:4      | Noticed an ogre
   598 | D:4      | Learned a level 3 spell: Confuse
   620 | D:4      | Found Vittabu's Antique Weapon Boutique.
   806 | D:4      | Reached XP level 4. HP: 28/34 MP: 5/8
   870 | D:4      | Found a staircase to the Ecumenical Temple.
   877 | Temple   | Entered the Ecumenical Temple
   903 | Temple   | Became a worshipper of Ru the Awakened
  1008 | D:3      | Found a basalt altar of Yredelemnul.
  2183 | D:2      | Gained mutation: You are sensitive to extremes of temperature. (rF-, rC-) [Ru sacrifice]
  2183 | D:2      | Reached * piety under Ru
  2183 | D:2      | Reached ** piety under Ru
  2609 | D:3      | Reached XP level 5. HP: 40/42 MP: 6/9
  2767 | D:5      | Entered Level 5 of the Dungeon
  2867 | D:5      | Noticed a centaur
  2939 | D:4      | Bought a runed long sword for 156 gold pieces
  3018 | D:5      | Reached skill level 1 in Armour
  3351 | D:6      | Reached XP level 6. HP: 45/48 MP: 10/10
  3370 | D:6      | Noticed an ice beast
  3375 | D:6      | Found a sand-covered staircase.
  3379 | Ossuary  | Entered an ossuary
  3755 | Ossuary  | Reached XP level 7. HP: 14/54 MP: 7/11
  3854 | Ossuary  | Gained mutation: You cannot study or use magical devices. [Ru sacrifice]
  3854 | Ossuary  | Reached *** piety under Ru
  3854 | Ossuary  | Reached **** piety under Ru
  3854 | Ossuary  | Reached ***** piety under Ru
  4028 | Ossuary  | Identified a scroll of acquirement
  4208 | D:6      | Found a runed door.
  4212 | D:6      | Noticed Crazy Yiuf
  4247 | D:6      | Noticed kae's ghost (novice GrEE)
  4267 | D:6      | Killed kae's ghost
  4267 | D:6      | Reached skill level 3 in Long Blades
  4267 | D:6      | Reached XP level 8. HP: 54/60 MP: 8/12
  4267 | D:6      | Killed Crazy Yiuf
  4267 | D:6      | Reached skill level 4 in Long Blades
  4335 | D:6      | Found a shimmering altar of Xom.
  4595 | D:6      | Reached skill level 5 in Long Blades
  5026 | D:7      | Noticed Prince Ribbit
  5148 | D:7      | Reached skill level 6 in Long Blades
  5224 | D:8      | Found a staircase to the Lair.
  5233 | D:8      | Noticed a two-headed ogre
  5387 | D:8      | Reached skill level 7 in Long Blades
  5447 | D:8      | Reached XP level 9. HP: 56/65 MP: 9/13
  5466 | D:8      | Noticed a two-headed ogre
  5468 | D:8      | Killed a two-headed ogre
  5468 | D:8      | Reached skill level 8 in Long Blades
  5540 | D:8      | Killed a two-headed ogre
  5540 | D:8      | Reached skill level 9 in Long Blades
  5738 | D:8      | Identified the +2 pair of boots of Hadjma {-Tele rPois Str+5} (You found it on level 8 of the Dungeon)
  5952 | D:9      | Noticed a two-headed ogre
  6043 | D:9      | Reached skill level 10 in Long Blades
  6048 | D:9      | Killed a two-headed ogre
  6048 | D:9      | Reached XP level 10. HP: 71/71 MP: 5/14
  6172 | D:9      | Found a staircase to the Orcish Mines.
  6174 | D:9      | Reached skill level 11 in Long Blades
  6176 | D:9      | Noticed a white ugly thing
  6229 | D:9      | Killed a white ugly thing
  6514 | D:10     | Entered Level 10 of the Dungeon
  6696 | D:10     | Got a smoking leather armour
  6707 | D:10     | Identified the +2 leather armour "Iwecan" {rC+ SInv Stlth+} (You found it on level 10 of the Dungeon)
  6807 | D:10     | Reached skill level 12 in Long Blades
  6901 | D:10     | Noticed Grum
  6906 | D:10     | Killed Grum
  6974 | D:10     | Noticed Sonja
  7152 | D:11     | Reached XP level 11. HP: 70/77 MP: 12/15
  7463 | D:12     | Noticed a green ugly thing
  7723 | D:12     | Noticed a two-headed ogre
  7734 | D:12     | Noticed a centaur warrior
  7735 | D:12     | Killed a centaur warrior
  7735 | D:12     | Reached skill level 13 in Long Blades
  7736 | D:12     | Noticed a purple ugly thing
  7751 | D:12     | Killed a two-headed ogre
  7761 | D:12     | Killed a purple ugly thing
  7878 | D:11     | Noticed a two-headed ogre
  7922 | D:11     | Noticed a brown ugly thing
  7928 | D:11     | Killed a brown ugly thing
  7939 | D:11     | Noticed a red ugly thing
  7978 | D:11     | Noticed a six-headed hydra
  7985 | D:11     | Noticed a two-headed ogre
  7999 | D:11     | Killed a two-headed ogre
  8000 | D:11     | Killed a two-headed ogre
  8000 | D:11     | Reached skill level 14 in Long Blades
  8522 | D:13     | Found a labyrinth entrance.
  8534 | Lab      | Entered a labyrinth
  8735 | Lab      | Noticed a minotaur
  8749 | Lab      | Killed a minotaur
  8766 | Lab      | Identified the Handbook of Assistive Companions
  8767 | Lab      | Got a thick robe
  8767 | Lab      | Got a clouded ivory ring
  8772 | Lab      | Learned a level 3 spell: Spectral Weapon
  8775 | Lab      | Learned a level 2 spell: Song of Slaying
  8807 | Lab      | Identified the +1 robe of Elyvilon's Esteem {MR- Str+6 Stlth+} (You found it in a labyrinth)
  8822 | Lab      | Identified the ring of Perfectionism {rN+ MR+} (You found it in a labyrinth)
  8905 | D:13     | Noticed a deep elf mage
  8929 | D:13     | Killed a deep elf mage
  8929 | D:13     | Reached XP level 12. HP: 83/83 MP: 16/16
  9007 | D:13     | Noticed a centaur warrior
  9018 | D:13     | Killed a centaur warrior
  9177 | D:14     | Noticed a two-headed ogre
  9231 | D:14     | Found Cim Viun's Distillery.
  9237 | D:14     | Killed a two-headed ogre
  9237 | D:14     | Reached skill level 15 in Long Blades
  9287 | D:13     | Found a gate to the Vaults.
  9358 | D:14     | Found an opulent altar of Gozag.
  9437 | D:15     | Entered Level 15 of the Dungeon
  9775 | D:12     | Noticed Snorg
  9915 | D:13     | Gained mutation: You are hated by all. [Ru sacrifice]
 10120 | Orc:1    | Entered Level 1 of the Orcish Mines
 10120 | Orc:1    | Found Wasuilyu's Book Boutique.
 10435 | Orc:1    | Found a roughly hewn altar of Beogh.
 10516 | Orc:2    | Entered Level 2 of the Orcish Mines
 10519 | Orc:2    | Found a staircase to the Elven Halls.
 10732 | Orc:2    | Noticed an orc warlord
 10816 | Orc:2    | Killed an orc warlord
 10816 | Orc:2    | Reached skill level 16 in Long Blades
 11388 | Orc:2    | Gained mutation: You are weak. (Str -2) [Ru sacrifice]
 11749 | Orc:2    | Noticed an orc high priest
 11750 | Orc:2    | Noticed an orc high priest
 11751 | Orc:2    | Noticed an orc high priest
 11753 | Orc:2    | Gained mutation: You are in touch with the powers of death. [Mummy growth]
 11753 | Orc:2    | Reached XP level 13. HP: 88/88 MP: 17/17
 11755 | Orc:2    | Found Ucasch's Antique Armour Shop.
 11755 | Orc:2    | Found Ynuawn's Antique Armour Shoppe.
 11757 | Orc:2    | Found Umerph Vijounk's Food Shop.
 11757 | Orc:2    | Found Fometwux's Food Shoppe.
 11781 | Orc:2    | Bought a runed scarf for 256 gold pieces
 11781 | Orc:2    | Bought a pair of runed gloves for 240 gold pieces
 11786 | Orc:2    | Bought a faintly humming troll leather armour for 680 gold pieces
 11796 | Orc:2    | Identified the +6 troll leather armour of the Hanged Man {rPois Regen+ Slay+5} (You bought it in a shop on level 2 of the Orcish Mines)
 11963 | Lair:1   | Entered Level 1 of the Lair of Beasts
 12323 | Lair:2   | Noticed Harold
 12346 | Lair:2   | Reached skill level 17 in Long Blades
 12465 | Lair:2   | Found a frozen archway.
 12494 | IceCv    | Entered an ice cave
 12581 | Lair:2   | Found an ornate altar of the Wu Jian Council.
 12698 | Lair:2   | Killed Harold
 13123 | Lair:3   | Found a hole to the Spider Nest.
 13567 | Lair:4   | Found a staircase to the Shoals.
 13587 | Lair:4   | Learned a level 2 spell: Blink
 13591 | Lair:4   | Learned a level 3 spell: Mephitic Cloud
 13823 | Lair:5   | Reached skill level 18 in Long Blades
 14059 | Lair:6   | Entered Level 6 of the Lair of Beasts
 14145 | Lair:6   | Noticed Slowdrip's ghost (journeyman MiCK)
 14175 | Lair:6   | Reached XP level 14. HP: 80/95 MP: 18/18
 14185 | Lair:6   | Killed Slowdrip's ghost
 14323 | Lair:6   | Found a viscous altar of Jiyva.
 14324 | Lair:6   | Found a staircase to the Slime Pits.
 14661 | Lair:6   | Found a runed door.
 14892 | Lair:6   | Reached skill level 19 in Long Blades
 15337 | Lair:6   | Identified the +1 leather armour "Niefocus" {Int+5} (You found it on level 6 of the Lair of Beasts)
 15427 | Lair:4   | :(
 15593 | Elf:1    | Entered Level 1 of the Elven Halls
 15593 | Elf:1    | Noticed Aizul
 15593 | Elf:1    | Noticed a deep elf sorcerer
 15600 | Elf:1    | Killed a deep elf sorcerer
 15615 | Elf:1    | Killed Aizul
 15649 | Elf:1    | Found a radiant altar of Vehumet.
 15650 | Elf:1    | Noticed Louise
 15788 | Elf:1    | Killed Louise
 15846 | Elf:1    | Noticed Yermak's ghost (journeyman DgTm)
 15951 | Elf:1    | Killed Yermak's ghost
 16066 | Elf:1    | Noticed Kirke
 16092 | Elf:1    | Killed Kirke
 16092 | Elf:1    | Reached XP level 15. HP: 83/100 MP: 19/19
 16229 | Elf:2    | Learned a level 2 spell: Passwall
 16379 | Elf:2    | Reached skill level 20 in Long Blades
 16500 | Elf:1    | Noticed Nikola
 16612 | Elf:3    | Entered Level 3 of the Elven Halls
 16672 | Elf:2    | Reached skill level 5 in Fighting
 17048 | Elf:3    | Noticed a deep elf sorcerer
 17058 | Elf:3    | Killed a deep elf sorcerer
 17290 | Elf:3    | Noticed an Ice Fiend
 17291 | Elf:3    | Noticed a deep elf sorcerer
 17293 | Elf:3    | Reached skill level 5 in Dodging
 17295 | Elf:3    | Noticed a deep elf sorcerer
 17315 | Elf:3    | Killed a deep elf sorcerer
 17440 | Elf:3    | Cast into level 3 of the Abyss (a deep elf sorcerer)
 17440 | Abyss:3  | Found a sacrificial altar of Ru.
 17448 | Abyss:3  | Gained mutation: You are clumsy. (Dex -2) [Ru sacrifice]
 17448 | Abyss:3  | Reached ****** piety under Ru
 17572 | Abyss:3  | Reached skill level 5 in Armour
 17605 | Abyss:3  | Noticed a tentacled starspawn
 17605 | Abyss:3  | Killed a tentacled starspawn
 17704 | Elf:3    | Escaped the Abyss
 17710 | Elf:3    | Killed a deep elf sorcerer
 17751 | Elf:3    | Noticed a deep elf sorcerer
 17753 | Elf:3    | Noticed a deep elf sorcerer
 17756 | Elf:3    | Noticed a deep elf sorcerer
 17758 | Elf:3    | Cast into level 3 of the Abyss (a deep elf sorcerer)
 17764 | Abyss:3  | Found a corrupted altar of Lugonu.
 17834 | Abyss:3  | Noticed a red draconian scorcher
 17859 | Abyss:3  | Identified the +5 spear "Poruteup" {elec, rF+} (You found it on level 3 of the Abyss)
 17876 | Abyss:3  | Noticed a hellephant
 18002 | Abyss:3  | Noticed a tentacled starspawn
 18031 | Abyss:3  | Killed a tentacled starspawn
 18145 | Abyss:3  | Noticed a nagaraja
 18146 | Abyss:3  | Noticed a tentacled starspawn
 18147 | Abyss:3  | Banished a nagaraja
 18379 | Abyss:3  | Reached XP level 16. HP: 91/116 MP: 20/20
 18392 | Elf:3    | Escaped the Abyss
 18691 | Elf:3    | Noticed a Tzitzimitl
 18812 | Elf:3    | Noticed a deep elf blademaster
 18867 | Elf:3    | Identified the +0 robe "Quphimod" {-Tele rF+ Dex+2} (You took it off a deep elf death mage on level 3 of the Elven Halls)
 18895 | Elf:3    | Killed a deep elf blademaster
 18897 | Elf:3    | Identified the +6 scale mail "Juoc" {rElec rF++ rCorr Str+2} (You took it off a deep elf blademaster on level 3 of the Elven Halls)
 19125 | Elf:3    | Identified the ring of Bytsical {rPois rC+ Int+3} (You took it off a deep elf annihilator on level 3 of the Elven Halls)
 19315 | Elf:3    | Noticed a deep elf master archer
 19331 | Elf:3    | Killed a deep elf master archer
 19413 | Elf:3    | Identified the ring of Riogasoc {rPois rF- Str+4 Dex+2} (You took it off a deep elf death mage on level 3 of the Elven Halls)
 19480 | Elf:3    | Identified Xano's Almanac of Helpful Moulding
 19484 | Elf:3    | Learned a level 2 spell: Swiftness
 19487 | Elf:3    | Identified the +0 pair of gloves of Zamiugus {rC+ SInv} (You found it on level 3 of the Elven Halls)
 19515 | Elf:3    | Identified The Arcane Secrets of Sorcery
 19603 | Elf:3    | Noticed a deep elf blademaster
 19630 | Elf:3    | Killed a deep elf blademaster
 19768 | Elf:2    | Noticed Saint Roka
 19799 | Elf:3    | Reached skill level 10 in Fighting
 19815 | Elf:2    | HP: 3/122 [Saint Roka/long sword of holy wrath (12)]
 19852 | Elf:2    | HP: 3/122 [deep elf knight/shard of ice (43)]
 19903 | Elf:2    | Killed Saint Roka
 19903 | Elf:2    | Reached skill level 5 in Spellcasting
 20042 | Elf:1    | Reached XP level 17. HP: 119/128 MP: 23/25
 20097 | Elf:1    | Learned a level 4 spell: Passage of Golubria
 20164 | Elf:1    | Identified the Compendium of the Escort
 20407 | Spider:1 | Entered Level 1 of the Spider Nest
 20463 | Spider:1 | Reached skill level 1 in Translocations
 20697 | Spider:1 | Noticed Asterion
 20716 | Spider:1 | Killed Asterion
 20723 | Spider:1 | Noticed Donald
 20724 | Spider:1 | Killed Donald
 20919 | Spider:2 | Learned a level 1 spell: Apportation
 20998 | Spider:2 | Reached skill level 1 in Shields
 21052 | Spider:2 | Slain by a wolf spider

Vault maps used:
D:1:      dpeg_arrival_arbitrary_c
D:2:      minivault_11
D:3:      yredelemnul_altar_generic, first_bread
D:4:      temple_statues, serial_forest, infiniplex_forest_clump_C,
          infiniplex_forest_corner_2, infiniplex_forest_end_3,
          infiniplex_forest_clump_C, infiniplex_forest_clump_C, serial_shops,
          kennysheep_mini_moat
D:5:      hangedman_decor_clover_reticule
D:6:      nicolae_ossuary_entry_plus, dk_xom_monty_hall, uniq_prince_ribbit1,
          uniq_crazy_yiuf_cottage
D:7:      tgw_kikubaaqudgha
D:8:      dpeg_oklobed_lair, the_bakery, nicolae_zen_rock_garden
D:9:      erik_orc_3
D:10:     kennysheep_big_empty_room, uniq_grum, uniq_sonja
D:11:     minmay_blocky_corners
D:12:     uniq_snorg
D:13:     erik_vaults_1, lab_entry_generic, minmay_statues_item
D:14:     thingy_vault, grunt_decor_arrowhead, serial_shops, shop,
          nicolae_gozag_seed_capital
D:15:     grunt_enter_depths_snipers, minivault_19, st_stairs_3
Temple:   compressed_dpeg_circular_temple
Lair:2:   portal_ice_cave_entry_imps, lemuel_oklob_altar, uniq_harold
Lair:3:   spider_nest_entry_funnel_web
Lair:4:   minmay_shoals_entry_lonely_mermaid, bobbens_dragon_lair_wall,
          infiniplex_staircase_pool_2, serial_bayou_shore_a
Lair:5:   wad_woods_06, small_statue_intersection
Lair:6:   guppyfry_lair_end_dragon, wormcave, slime_altar_1,
          minmay_lair_oklob_chamber
Spider:1: guppyfry_spider_mini_3, uniq_asterion, uniq_donald
Orc:1:    basic_altar, serial_shops, shop
Orc:2:    grunt_orc_tribal_feast, special_room
Elf:1:    eino_elf_arrival_altar, minmay_elf_demonology, minivault_4, hex_tiny,
          uniq_nikola, uniq_louise, uniq_aizul, uniq_kirke
Elf:2:    grunt_ministairs_13, uniq_agnes, uniq_saint_roka
Elf:3:    minmay_elf_hall_curves, grunt_megastairs_1
Abyss:3:  evilmike_nicolae_abyss_rune_containment_curve,
          bh_abyss_xom_lugonu_altar, evilmike_abyss_exit_plants
Lab:      labyrinth_hidden_loot
Ossuary:  ossuary_boxes_badplayer
IceCv:    ice_cave_statue_garden_chambered

Skill      XL: |  1  2  3  4  5  6  7  8  9 10 11 12 13 14 15 16 17 |
---------------+----------------------------------------------------+-----
Short Blades   | 1 2 3 4 |  4.0
Fighting       | 1 2 4 7 10 | 10.6
Armour         | 1 2 6 8 |  8.6
Dodging        | 2 3 6 8 |  8.9
Long Blades    | 3 7 10 12 14 16 18 19 20 | 20.0
Spellcasting   | 5 7 |  7.5
Translocations | 2 |  2.6
Shields        | 1 |  1.0
Stealth        | |  2.4
Hexes          | |  2.6

Action                   |  1- 3 |  4- 6 |  7- 9 | 10-12 | 13-15 | 16-18 || total
-------------------------+-------+-------+-------+-------+-------+-------++-------
Melee: Dagger            |    82 |   194 |       |    14 |       |       ||   290
       Long sword        |       |   123 |   221 |   647 |  1175 |   464 ||  2630
Throw: Javelin           |       |     1 |     2 |     1 |       |       ||     4
       Throwing net      |       |       |       |       |       |     2 ||     2
 Cast: Corona            |     7 |     3 |     1 |    26 |       |       ||    37
       Ensorcelled Hiber |     8 |    23 |       |       |       |       ||    31
       Confuse           |     1 |     6 |    27 |     5 |       |       ||    39
       Mephitic Cloud    |       |       |       |       |       |     1 ||     1
Invok: Sacrifice Resista |       |     1 |       |       |       |       ||     1
       Apocalypse        |       |       |     5 |    16 |    14 |    12 ||    47
       Sacrifice Artific |       |       |     1 |       |       |       ||     1
       Reject Sacrifices |       |       |     1 |       |     1 |       ||     2
       Draw Out Power    |       |       |       |     3 |       |     1 ||     4
       Sacrifice Purity  |       |       |       |     1 |     1 |       ||     2
       Sacrifice Love    |       |       |       |     1 |       |       ||     1
  Use: Scroll            |     1 |    11 |    11 |     9 |    25 |    11 ||    68
 Stab: Sleeping          |     8 |    19 |     1 |     3 |     4 |       ||    35
       Invisible         |       |     3 |       |     4 |    19 |     8 ||    34
       Confused          |       |     1 |     6 |       |     1 |       ||     8
       Paralysed         |       |       |    10 |    20 |    31 |    16 ||    77
       Distracted        |       |       |     2 |     7 |     7 |     3 ||    19
       Held in net/web   |       |       |       |       |       |     3 ||     3
Armor: Robe              |     4 |    23 |    26 |     9 |       |       ||    62
       Leather armour    |    14 |    42 |       |    65 |       |       ||   121
       Scale mail        |       |       |       |    44 |       |       ||    44
       Troll leather arm |       |       |       |    18 |   357 |   191 ||   566
Dodge: Dodged            |    52 |   184 |    92 |   187 |   408 |   201 ||  1124
Block: Other             |       |       |     5 |    36 |       |       ||    41
       Reflection        |       |       |       |     6 |       |       ||     6
       Shield            |       |       |       |       |       |    17 ||    17
       Rpst.: Long sword |       |    18 |    31 |    63 |   115 |    44 ||   271

Table legend:
 A = Spawn XP
 B = Non-spawn XP
 C = Spawn XP percentage of total XP
 D = Spawn monster count
 E = Non-spawn monster count
 F = Spawn count percentage of total count
 G = Total turns spent on level
                    A         B        C        D         E        F      G
               +---------+---------+-------+---------+---------+-------+---------
         Total |   12619 |  231724 |   5.2 |      24 |     795 |   2.9 | 21052
               +---------+---------+-------+---------+---------+-------+---------
           D:1 |       0 |      44 |   0.0 |       0 |      25 |   0.0 |   801
           D:2 |       0 |      42 |   0.0 |       0 |      16 |   0.0 |   916
           D:3 |       0 |      51 |   0.0 |       0 |      19 |   0.0 |   562
           D:4 |       0 |      83 |   0.0 |       0 |      10 |   0.0 |   470
           D:5 |       0 |     119 |   0.0 |       0 |       9 |   0.0 |   510
           D:6 |       0 |    1292 |   0.0 |       0 |      23 |   0.0 |   975
           D:7 |       0 |     297 |   0.0 |       0 |       7 |   0.0 |   265
           D:8 |       0 |    2653 |   0.0 |       0 |      25 |   0.0 |   662
           D:9 |       0 |    4184 |   0.0 |       0 |      42 |   0.0 |   891
          D:10 |       0 |    1811 |   0.0 |       0 |      20 |   0.0 |   828
          D:11 |       0 |    4885 |   0.0 |       0 |      24 |   0.0 |   707
          D:12 |       0 |    4645 |   0.0 |       0 |      23 |   0.0 |   539
          D:13 |       0 |    4553 |   0.0 |       0 |      22 |   0.0 |   644
          D:14 |       0 |    3111 |   0.0 |       0 |      20 |   0.0 |   411
        Lair:1 |       0 |    2379 |   0.0 |       0 |      13 |   0.0 |   373
        Lair:2 |       0 |    6727 |   0.0 |       0 |      33 |   0.0 |   490
        Lair:3 |       0 |    4012 |   0.0 |       0 |      18 |   0.0 |   498
        Lair:4 |       0 |    2652 |   0.0 |       0 |      11 |   0.0 |   389
        Lair:5 |       0 |    3842 |   0.0 |       0 |      21 |   0.0 |   443
        Lair:6 |       0 |   24533 |   0.0 |       0 |      72 |   0.0 |  1344
      Spider:1 |       0 |   13063 |   0.0 |       0 |      32 |   0.0 |   433
      Spider:2 |       0 |    5720 |   0.0 |       0 |      21 |   0.0 |   201
         Orc:1 |       0 |    2480 |   0.0 |       0 |      23 |   0.0 |   603
         Orc:2 |       0 |   10690 |   0.0 |       0 |      60 |   0.0 |  1269
         Elf:1 |       0 |   31742 |   0.0 |       0 |      44 |   0.0 |   863
         Elf:2 |       0 |   25570 |   0.0 |       0 |      46 |   0.0 |   711
         Elf:3 |       0 |   61883 |   0.0 |       0 |      57 |   0.0 |  2196
       Abyss:3 |   12619 |    6358 |  66.5 |      24 |      15 |  61.5 |   898
           Lab |       0 |    1078 |   0.0 |       0 |       1 |   0.0 |   370
       Ossuary |       0 |     430 |   0.0 |       0 |      37 |   0.0 |   651
         IceCv |       0 |     795 |   0.0 |       0 |       6 |   0.0 |    80
               +---------+---------+-------+---------+---------+-------+---------
